 Dungeon Crawl Stone Soup version 0.32-a0-596-g69a5a37 (webtiles) character file.

Game seed: 16154218870164131296

67187 UltraDraconian the Fighter (level 14, -12/133 HPs)
             Began as a Purple Draconian Berserker on Mar 2, 2024.
             Was a Priest of Trog.
             Mangled by a manticore (16 damage)
             ... on level 9 of the Dungeon.
             The game lasted 00:13:17 (9975 turns).

UltraDraconian the Fighter (DrBe)                   Turns: 9975, Time: 00:13:18

Health: -12/133    AC: 10    Str: 27    XL:     14   Next: 82%
Magic:  14/14      EV: 16    Int:  7    God:    Trog [***...]
Gold:   572        SH:  0    Dex: 15    Spells: 13/13 levels left

rFire   . .          .
                       - Unarmed
rCold   . . .        (shield currently unavailable)
rNeg    . . .        (body armour unavailable)
rPois   .            v - +0 hat
rElec   .            s - +1 cloak
rCorr   .            (no gloves)
SInv    .            (no boots)
Will    ++++.        (no amulet)
Stlth   +            d - +6 ring of strength
HPRegen 1.42/turn    H - ring of flight
MPRegen 0.14/turn

%: no passive effects
@: flux-form, strong-willed, on berserk cooldown, flying, regenerating, slowed,
glowing, very slow
A: glow, contaminating, nullifying breath, AC +8, unfitting armour, cold-blooded
a: Nullifying Breath, Begin Untransformation, Renounce Religion, Berserk, Trog's
Hand


You were on level 9 of the Dungeon.
You worshipped Trog.
Trog was most pleased with you.
You were something dangerously unstable.
You visited 1 branch of the dungeon, and saw 9 of its levels.
You also visited: Ossuary and Bailey.

You collected 572 gold pieces.

Inventory:

Hand Weapons
 A - the +2 rapier of Corruption {speed, rN++ Will+}
   (You found it on level 6 of the Dungeon)

   rN++:      It greatly protects you from negative energy.
   Will+:     It increases your willpower.
Missiles
 f - 13 curare-tipped darts (quivered)
Armour
 s - a +1 cloak (worn)
 v - a +0 hat (worn)
Jewellery
 d - a +6 ring of strength (left hand)
 H - a ring of flight (right hand)
Talismans
 G - a flux talisman (active)
Wands
 x - a wand of paralysis (9)
 I - a wand of flame (6)
Scrolls
 b - a scroll of enchant armour
 c - 2 scrolls of poison
 e - 3 scrolls of vulnerability {unknown}
 g - 4 scrolls of enchant weapon {unknown}
 i - 4 scrolls of amnesia
 j - 5 scrolls of identify {unknown}
 l - 3 scrolls of immolation {unknown}
 o - a scroll of butterflies {unknown}
 p - 4 scrolls of teleportation {unknown}
 q - 2 scrolls of silence {unknown}
 w - 3 scrolls of revelation {unknown}
 y - a scroll of noise {unknown}
 E - 2 scrolls of fear {unknown}
 F - 2 scrolls of fog {unknown}
Potions
 a - 4 potions of curing
 h - 2 potions of heal wounds {unknown}
 k - 6 potions of might {unknown}
 m - 2 potions of invisibility {unknown}
 n - 2 potions of ambrosia {unknown}
 r - 4 potions of haste {unknown}
 t - 3 potions of degeneration {unknown}
 u - 3 potions of mutation {unknown}
 z - 3 potions of brilliance {unknown}
 C - a potion of lignification {unknown}
 D - 2 potions of enlightenment {unknown}
 J - a potion of magic {unknown}


   Skills:
 + Level 14.5 Fighting
 - Level 2.6 Dodging
 - Level 12.1 Unarmed Combat
 - Level 14.3 Shapeshifting


You had 13 spell levels left.
You didn't know any spells.
Your spell library was empty.

Dungeon Overview and Level Annotations

Branches:
Dungeon (9/15) Zot: 26112  Temple (0/1) D:7            Lair (0/5) D:8
Ossuary (visited)          Bailey (visited)
    Orc: D:9-12

Altars:
Cheibriados
Okawaru
Sif Muna
Trog
Uskayaw
Vehumet

Shops:
D:5 (

Annotations:
D:8 3 runed translucent doors, Dega's ghost, novice OpFi; tls9540's ghost, novice VSMo
D:9 Joseph


Innate Abilities, Weirdness & Mutations

You are something dangerously unstable.
You glow with magical radiation, making you easy to see and hit.
Foes you strike become dangerously contaminated with magical radiation.
You are incapable of wielding weapons or throwing items.
You can breathe blasts of antimagic.
Your rich purple scales are hard. (AC +8)
You cannot fit into any form of body armour.
You are cold-blooded and may be slowed by cold attacks.


Message History

* * * LOW HITPOINT WARNING * * *
The manticore claws you.
* * * LOW HITPOINT WARNING * * *
You take 7 HP, and have [11/133] HP
Okay, then.
Okay, then.
Okay, then.
Unknown command.
Okay, then.
Okay, then.
Okay, then.
You feel better. The manticore misses you. The manticore claws you.
* * * LOW HITPOINT WARNING * * *
The manticore misses you. The manticore closely misses you. x2
The manticore barely misses you.
You gain 10 hp, and have [21/133] hp.
You gain 2 hp, and have [23/133] hp.
Okay, then.
As you read the scroll labelled CIRAKO ZUHUSM, it crumbles to dust.
It is a scroll of enchant armour.
Your +0 cloak glows green for a moment.
The manticore closely misses you.
The manticore claws you but does no damage.
The manticore claws you.
* * * LOW HITPOINT WARNING * * *
The manticore bites you!
* * * LOW HITPOINT WARNING * * *
The manticore completely misses you. The manticore misses you.
You take 13 HP, and have [10/133] HP The air fills with toxic fumes!
As you read the scroll labelled ITAEMI PARPH, it crumbles to dust.
It was a scroll of poison.
The manticore closely misses you. x2
The manticore claws you.
* * * LOW HITPOINT WARNING * * *
You take 1 HP, and have [9/133] HP You feel better.
The manticore completely misses you. The manticore claws you!
* * * LOW HITPOINT WARNING * * *
The manticore claws you!
* * * LOW HITPOINT WARNING * * *
The manticore bites you!
You die...

#.# #.....#.####. #.#
#..#.#.....## ...
####....####. #.#
###..###.# ##.##
###### #....##. ...
#....# ###.....
#†#####.#### #.....
#§##§##§##§##§#
#.....
#§§§@Hp§§§§§§§#
#.....
#§##§##§##§##§#
#..... # #.#####.##.#
#..... )..
#...######.....
########.#####.....##
#[##.##.##.......
#....[...'.....##
#.##.##.##.....#
....... .#
####.#####.....#


You could see Joseph and a manticore.

Vanquished Creatures
  An orc warlord (Bailey)
  Erolcha (D:9)
  A boulder beetle (D:9)
  A two-headed ogre (D:9)
  A deep elf pyromancer (D:9)
  An ugly thing (D:9)
  A tengu conjurer (D:9)
  A komodo dragon (D:9)
  3 trolls (D:9)
  2 hornets
  3 wyverns
  3 basilisks
  3 water moccasins
  5 orc warriors
  2 black bears (D:8)
  2 ice beasts (D:7)
  A laughing skull (D:9)
  A sky beast (D:6)
  4 centaurs
  2 ogres
  A phantom (D:7)
  An elf zombie (Ossuary)
  2 kobold brigands
  4 bullfrogs
  2 scorpions
  11 wights
  15 killer bees
  3 howler monkeys (D:9)
  A jelly (D:8)
  2 bombardier beetles
  A human zombie (Ossuary)
  5 orc priests
  6 hounds
  2 gnoll boudas (D:9)
  3 sleepcaps
  9 iguanas
  4 orc wizards
  2 hound zombies (Ossuary)
  4 mummies (Ossuary)
  5 adders
  12 gnolls
  A shadow imp (D:5)
  2 ufetubi (D:5)
  2 adder zombies (Ossuary)
  4 dart slugs
  2 ribbon worms
  32 orcs
  6 bats
  9 endoplasms
  A giant cockroach (D:2)
  10 goblins
  8 hobgoblins
  2 jackals (D:2)
  4 quokkas
  5 ball pythons
  4 frilled lizards
  2 gnoll zombies (Ossuary)
  A jackal zombie (Ossuary)
  19 kobolds
  2 kobold zombies (Ossuary)
  An orc zombie (Ossuary)
  3 rats
254 creatures vanquished.

Vanquished Creatures (collateral kills)
  An ugly thing (D:9)
1 creature vanquished.

Grand Total: 255 creatures vanquished

Notes
Turn   | Place    | Note
-------+----------+-------------------------------------------
     0 | D:1      | UltraDraconian the Draconian Berserker began the quest for
                  | the Orb.
     0 | D:1      | Reached XP level 1. HP: 19/19 MP: 1/1
   158 | D:1      | Reached XP level 2. HP: 24/27 MP: 2/2
   843 | D:2      | Reached ** piety under Trog
  1000 | D:2      | Reached XP level 3. HP: 32/34 MP: 3/3
  1148 | D:2      | Reached skill level 5 in Fighting
  1688 | D:3      | Reached XP level 4. HP: 27/44 MP: 4/4
  1977 | D:3      | Found an iron altar of Okawaru.
  2314 | D:3      | Reached XP level 5. HP: 40/51 MP: 5/5
  2633 | D:4      | Found a snail-covered altar of Cheibriados.
  2748 | D:4      | Reached *** piety under Trog
  3063 | D:4      | Reached XP level 6. HP: 25/60 MP: 6/6
  3426 | D:5      | Entered Level 5 of the Dungeon
  3565 | D:5      | Your scales start taking on a rich purple colour.
  3565 | D:5      | Reached XP level 7. HP: 44/69 MP: 7/7
  4204 | D:5      | Reached skill level 10 in Fighting
  4364 | D:5      | Found Suete's Hydra Hut.
  4367 | D:5      | Noticed a six-headed hydra
  4627 | D:6      | Identified the +2 rapier of Corruption {speed, rN++ Will+}
  4639 | D:6      | Reached XP level 8. HP: 60/79 MP: 8/8
  4807 | D:6      | Reached skill level 5 in Unarmed Combat
  5300 | D:7      | Found a sand-covered staircase.
  5335 | Ossuary  | Entered an ossuary
  5748 | D:7      | Reached **** piety under Trog
  5863 | D:7      | Found a shimmering blue altar of Sif Muna.
  6045 | D:7      | Reached XP level 9. HP: 46/85 MP: 9/9
  6318 | D:7      | Found a staircase to the Ecumenical Temple.
  6739 | D:8      | Reached skill level 10 in Unarmed Combat
  6936 | D:8      | Found a staircase to the Lair.
  7336 | D:8      | Reached XP level 10. HP: 52/97 MP: 10/10
  7579 | D:8      | Reached skill level 1 in Shapeshifting
  7727 | D:8      | Found a runed translucent gate.
  7727 | D:8      | Found a runed translucent gate.
  7727 | D:8      | Found a runed translucent gate.
  7734 | D:8      | Noticed Dega's ghost (novice OpFi)
  7735 | D:8      | Noticed tls9540's ghost (novice VSMo)
  8220 | D:8      | Found a bloodstained altar of Trog.
  8560 | D:9      | Found a hide-covered altar of Uskayaw.
  8561 | D:9      | Found a radiant altar of Vehumet.
  8590 | D:9      | Found a flagged portal.
  8601 | Bailey   | Entered a bailey
  8654 | Bailey   | Noticed an orc warlord
  8659 | Bailey   | Reached ***** piety under Trog
  8710 | Bailey   | Found a runed translucent gate.
  8710 | Bailey   | Found a runed translucent gate.
  8710 | Bailey   | Found a runed translucent gate.
  9047 | Bailey   | Killed an orc warlord
  9048 | Bailey   | Reached skill level 5 in Shapeshifting
  9250 | Bailey   | Reached XP level 11. HP: 107/107 MP: 11/11
  9251 | Bailey   | Reached XP level 12. HP: 115/115 MP: 12/12
  9252 | Bailey   | Reached XP level 13. HP: 122/122 MP: 13/13
  9253 | Bailey   | Reached XP level 14. HP: 129/129 MP: 14/14
  9269 | D:9      | Noticed Erolcha
  9277 | D:9      | Killed Erolcha
  9961 | D:9      | Noticed Joseph
  9975 | D:9      | HP: 4/133 [manticore (9)]
  9975 | D:9      | Mangled by a manticore

Illustrated notes

Levels and vault maps discovered:
D:1:      dpeg_arrival_castle, layout_basic
D:2:      layout_basic
D:3:      layout_basic, okawaru_metal_pillars_1_2
D:4:      layout_basic, cheibrodos_worm_habitat, hellmonk_no_cap
D:5:      layout_cave_pools, doesnt_shop_hydraphobe
D:6:      layout_rooms
D:7:      layout_basic, marbit_many_paths, minmay_temple_entry_gardened_gates,
          enter_ossuary_1, reono_crystal_passage
D:8:      layout_loops_ring, kennysheep_little_box, dpeg_lair_monsters,
          gammafunk_ghost_cemetery, wad_rectangle_vault
D:9:      hangedman_cross_veins, layout_basic, mainiacjoe_overflow_divided_tiny,
          enter_bailey_3, grunt_decor_resistance, uniq_erolcha, uniq_joseph

Skill      XL: |  1  2  3  4  5  6  7  8  9 10 11 12 13 14 |
---------------+-------------------------------------------+-----
Fighting       | 4 5 6 7 8 10 12 13 14 | 14.5
Unarmed Combat | 4 8 10 12 | 12.1
Shapeshifting  | 9 12 14 | 14.3
Dodging        | |  2.6

Action                     |  1- 3 |  4- 6 |  7- 9 | 10-12 | 13-15 || total
---------------------------+-------+-------+-------+-------+-------++-------
  Melee: Unarmed           |   105 |   198 |   344 |   155 |    92 ||   894
         Tailslap          |    17 |    23 |    52 |    26 |    21 ||   139
         Punch             |     4 |     4 |    13 |     5 |       ||    26
 Invoke: Berserk           |       |     4 |     5 |     1 |     2 ||    12
         Trog's Hand       |       |       |     2 |     2 |     3 ||     7
         Brothers in Arms  |       |       |       |     1 |     2 ||     3
Ability: Nullifying Breath |       |       |     3 |     2 |     1 ||     6
    Use: Potion            |       |       |       |     3 |     5 ||     8
         Scroll            |       |       |       |       |     3 ||     3
 Armour: Skin              |    60 |   109 |   264 |    99 |    72 ||   604
  Dodge: Dodged            |    73 |   104 |   247 |    88 |    79 ||   591
   Form: Flux              |       |       |       |       |     1 ||     1

Table legend: (Time is in decaauts)
 A = Elapsed time spent in this place.
 B = Non-inter-level travel time spent in this place.
 C = Inter-level travel time spent in this place.
 D = Time resting spent in this place.
 E = Time spent auto-exploring this place.
 F = Levels seen in this place.
 G = Mean time per level.
                   A        B        C        D        E       F      G
               +--------+--------+--------+--------+--------+-----+--------+
         Total |   9978 |   9774 |    204 |   1366 |   6618 |  11 |  907.1 |
       Dungeon |   8943 |   8739 |    204 |   1166 |   6029 |   9 |  993.7 |
       Ossuary |    380 |    380 |      0 |      5 |    289 |   1 |  380.0 |
        Bailey |    655 |    655 |      0 |    195 |    300 |   1 |  655.0 |
               +--------+--------+--------+--------+--------+-----+--------+

Top non-repeatable levels by time:
     D:8: 1847 daAuts
     D:5: 1164 daAuts
     D:4: 917 daAuts
     D:9: 885 daAuts
     D:7: 876 daAuts
     D:3: 875 daAuts
     D:2: 851 daAuts
     D:1: 803 daAuts
     D:6: 721 daAuts
  Bailey: 655 daAuts
 Ossuary: 380 daAuts
